 Dungeon Crawl Stone Soup version 0.20.1-1-g8b1a95d (webtiles) character file.

117 aspa the Magician (level 5, -4/31 HPs)
             Began as an Octopode Wizard on Sept 16, 2017.
             Was an Initiate of Vehumet.
             Shot with an arrow by a centaur (7 damage)
             ... on level 7 of the Dungeon.
             The game lasted 00:14:11 (3365 turns).

aspa the Magician (Octopode Wizard)                 Turns: 3365, Time: 00:14:12

Health: -4/31      AC:  2    Str:  6    XL:     5   Next: 1%
Magic:  12/12      EV: 13    Int: 22    God:    Vehumet [......]
Gold:   131        SH:  0    Dex: 10    Spells: 1/14 levels left

rFire    . . .     SeeInvis .   a - +1 dagger (speed)
rCold    . . .     Gourm    .   (no shield)
rNeg     . . .     Faith    .   k - +1 hat
rPois    .         Spirit   .   (no amulet)
rElec    .         Reflect  .   (no ring)
rCorr    .         Harm     .   (no ring)
MR       .....                  (no ring)
Stlth    +++.......             (no ring)
Regen    0.1/turn               (no ring)
MPRegen  0.2/turn               (no ring)
                                (no ring)
                                (no ring)

@: about to teleport
A: almost no armour, stealthy swim, amphibious, 8 rings, constrict 8, camouflage
1, gelatinous body 1
a: Renounce Religion


You were on level 7 of the Dungeon.
You worshipped Vehumet.
Vehumet was noncommittal.
You were hungry.

You visited 2 branches of the dungeon, and saw 7 of its levels.

You collected 131 gold pieces.

Inventory:

Hand Weapons
 a - a +1 dagger of speed (weapon)
 b - a +0 spear
 w - a +2 spear of flaming
Armour
 k - a +1 hat (worn)
Jewellery
 x - an uncursed ring of fire
Scrolls
 d - a scroll of random uselessness
 e - a scroll of enchant weapon {unknown}
 i - a scroll of remove curse {unknown}
 p - a scroll of enchant armour
 q - a scroll of teleportation
Potions
 f - a potion of ambrosia {unknown}
 g - 2 potions of curing {unknown}
 h - 3 potions of might {unknown}
 j - a potion of heal wounds {unknown}
 o - 2 potions of mutation {unknown}
 t - a potion of lignification {unknown}
 u - a potion of brilliance {unknown}
Books
 n - a book of Minor Magic

   Spells                             Type                      Level
   a - Magic Dart                     Conjuration                  1
   b - Blink                          Translocation                2
   c - Call Imp                       Summoning                    2
   d - Slow                           Hexes                        2
   e - Conjure Flame                  Conjuration/Fire             3
   f - Mephitic Cloud                 Conjuration/Poison/Air       3
Comestibles
 c - 3 bread rations
 m - 3 fruits
 v - a meat ration


   Skills:
 - Level 2.0 Dodging
 - Level 2.6 Stealth
 + Level 5.2 Spellcasting
 * Level 1.0 Conjurations
 - Level 1.0 Summonings
 - Level 1.0 Translocations


You had one spell level left.
You knew the following spells:

 Your Spells              Type           Power        Failure   Level  Hunger
a - Magic Dart            Conj           ##..         7%          1    None
b - Call Imp              Summ           ##......     10%         2    None
c - Mephitic Cloud        Conj/Pois/Air  #.......     26%         3    ##.....
d - Blink                 Tloc           N/A          10%         2    None
e - Slow                  Hex            #.......     16%         2    None
f - Conjure Flame         Conj/Fire      #.......     24%         3    ##.....


Dungeon Overview and Level Annotations

Branches:
Dungeon (5/15)             Temple (1/1) D:4

Altars:
Ashenzari
Cheibriados
Elyvilon
Gozag
Hepliaklqana
Kikubaaqudgha
Makhleb
Okawaru
Qazlal
Ru
Trog
Vehumet
Xom
Yredelemnul
The Shining One

Shops:
D:2 *

Annotations:
D:2 Natasha, Terence
D:4 Eustachio; Thaneod's ghost, novice MiFi


Innate Abilities, Weirdness & Mutations

You cannot wear most types of armour.
You are very stealthy in the water. (Stealth+)
You are amphibious.
You can wear up to eight rings at the same time.
You can use your tentacles to constrict eight enemies at once.
Your skin changes colour to match your surroundings (Stealth+).
Your rubbery body absorbs attacks. (AC +1, EV +1)


Message History

It is a scroll of recharging.
You aren't carrying any rechargeable items.
The killer bee moves out of view.
A killer bee comes into view.
As you read the scroll labeled EXZUFI ENGAWAXT, it crumbles to dust.
The scroll dissolves into smoke.
It was a scroll of fog.
As you read the scroll labeled USOWNU DAOGURCH, it crumbles to dust.
You hear whispers in an ancient language.
It was a scroll of random uselessness.
As you read the scroll labeled MUITOBR GAEWOI, it crumbles to dust.
It is a scroll of enchant armour.
Your +0 hat glows green for a moment.
The centaur shoots an arrow.
The arrow hits you!
* * * LOW HITPOINT WARNING * * *
The centaur shoots an arrow.
The arrow barely misses you.
You hear an angry buzzing noise. x4
As you read the scroll labeled UJOIBO JIWUM, it crumbles to dust.
You feel strangely unstable.
It was a scroll of teleportation.
The centaur shoots an arrow.
The arrow hits you!
You die...

################
.....§§@§§......
..(..§§§§c......
.....§§§§y§.....
................
...(........cy..
..####.##....##.
. #. ...y# ..
....y


You could see a centaur and a killer bee.

Vanquished Creatures
  2 adders (D:3)
  4 dart slugs
  2 leopard geckos
  2 orcs (D:3)
  4 giant cockroaches
  10 goblins
  5 hobgoblins
  2 jackals (D:1)
  4 quokkas
  4 ball pythons
  9 bats
  12 frilled lizards
  12 kobolds
  A quokka skeleton (D:4)
  10 rats
  A plant (D:1)
84 creatures vanquished.

Vanquished Creatures (collateral kills)
  An adder (D:2)
1 creature vanquished.

Grand Total: 85 creatures vanquished

Notes
Turn   | Place    | Note
-------+----------+-------------------------------------------
     0 | D:1      | aspa the Octopode Wizard began the quest for the Orb.
     0 | D:1      | Reached XP level 1. HP: 11/11 MP: 4/4
   151 | D:1      | Reached XP level 2. HP: 17/17 MP: 0/6
   206 | D:1      | Learned a level 2 spell: Call Imp
   498 | D:1      | Reached XP level 3. HP: 21/21 MP: 5/8
   503 | D:1      | Learned a level 3 spell: Mephitic Cloud
   506 | D:1      | Learned a level 2 spell: Blink
   614 | D:1      | Reached skill level 4 in Spellcasting
  1107 | D:2      | Noticed Terence
  1125 | D:2      | Found a burning altar of Makhleb.
  1233 | D:2      | Found an opulent altar of Gozag.
  1233 | D:2      | Found Gozag's Platinum Reserve.
  1254 | D:2      | Noticed Natasha
  1588 | D:2      | Reached XP level 4. HP: 27/27 MP: 4/10
  1610 | D:2      | Learned a level 2 spell: Slow
  1908 | D:4      | Found a staircase to the Ecumenical Temple.
  1914 | Temple   | Entered the Ecumenical Temple
  1968 | Temple   | Became a worshipper of Vehumet
  1985 | D:4      | Noticed Thaneod's ghost (novice MiFi)
  2428 | D:4      | Found a shattered altar of Ashenzari.
  2760 | D:3      | Reached skill level 5 in Spellcasting
  2783 | D:3      | Found a glowing golden altar of the Shining One.
  2976 | D:3      | Reached XP level 5. HP: 26/31 MP: 7/12
  2981 | D:3      | Learned a level 3 spell: Conjure Flame
  3100 | D:5      | Entered Level 5 of the Dungeon
  3262 | D:4      | Noticed Eustachio
  3359 | D:4      | You fall through a shaft for 3 floors!
  3359 | D:7      | Noticed a centaur
  3365 | D:7      | Shot with an arrow by a centaur

Skill      XL: |  1  2  3  4 |
---------------+-------------+-----
Spellcasting   | 4 5 |  5.2
Dodging        | |  2.0
Stealth        | |  2.6
Conjurations   | |  1.0
Summonings     | |  1.0
Translocations | |  1.0

Action                   |  1- 3 |  4- 6 || total
-------------------------+-------+-------++-------
Melee: Unarmed           |    17 |       ||    17
       Constrict         |    10 |     8 ||    18
       Tentacles         |    13 |     6 ||    19
       Dagger            |    75 |    34 ||   109
 Cast: Magic Dart        |    85 |    82 ||   167
       Call Imp          |     2 |     2 ||     4
  Use: Scroll            |       |     5 ||     5
 Stab: Sleeping          |       |     2 ||     2
  Eat: Chunk             |     2 |     5 ||     7
Armor: Skin              |     3 |       ||     3
Dodge: Dodged            |    23 |    16 ||    39
